AoeStats
← TheButcher

Black Forest

506910400Analyzed
4v4 RM · 17d ago on Sep 15, 2026· 77m 49s· 8 players
Game mode
Random Map
Map size
Large (8 player)
Population
200
Speed
Normal
Resources
Standard
Victory
Conquest
Starting age
Dark Age
Ending age
Imperial Age
RankedLock teamsTeams togetherTeam positionsShared explorationLock speedFull tech treeHidden civsTurbo modeCheats
Victory
Defeat
🇧🇪 Teutons · Belgium
664
+31
🇧🇪 Huns · Belgium
628
+14
🇧🇪 Franks · Belgium
618
+15
🇧🇪 Goths · Belgium
600
+24
🇷🇺 Britons · Russia
617
-15
🇧🇬 Huns · Bulgaria
598
-15
🇺🇸 Italians · United States
592
-14
🇨🇿 Jurchens · Czechia
570
-14
MikinhoCZE
0:27 Loom
11:11 Feudal Age
15:46 Double-Bit Axe
16:52 Stone Mining
22:39 Castle Age
24:03 Wheelbarrow
28:39 Caravan
30:15 Fletching
31:16 Hand Cart
35:36 Imperial Age
34:12 Gold Mining
35:06 Stone Shaft Mining
36:44 Conscription
39:04 Elite Iron Pagoda
39:54 Scale Barding Armor
40:00 Forging
40:33 Bow Saw
40:09 Horse Collar
41:38 Gold Shaft Mining
41:06 Heavy Plow
41:30 Chain Barding Armor
42:33 Two-Man Saw
42:40 Iron Casting
44:43 Crop Rotation
cbgb
0:53 Loom
12:42 Feudal Age
13:19 Double-Bit Axe
17:38 Wheelbarrow
18:23 Padded Archer Armor
22:57 Castle Age
21:27 Fletching
22:12 Gold Mining
24:18 Hand Cart
24:18 Bow Saw
24:58 Horse Collar
25:44 Stone Mining
26:24 Heavy Plow
30:15 Fortified Wall
33:28 Imperial Age
31:33 Thumb Ring
32:02 Leather Archer Armor
32:26 Caravan
33:47 Bloodlines
35:21 Two-Man Saw
36:11 Crop Rotation
37:24 Chemistry
38:13 Ring Archer Armor
37:39 Bodkin Arrow
39:02 Guilds
39:54 Elite Genoese Crossbowman
41:00 Silk Road
43:39 Bombard Tower
44:21 Bracer
44:32 Forging
43:53 Cavalier
44:34 Husbandry
44:54 Scale Barding Armor
44:50 Scale Mail Armor
45:48 Town Watch
46:46 Iron Casting
TheButcher
13:35 Feudal Age
14:04 Double-Bit Axe
14:03 Horse Collar
14:16 Gold Mining
14:23 Stone Mining
15:19 Wheelbarrow
27:54 Castle Age
31:19 Caravan
32:44 Bow Saw
32:36 Heavy Plow
35:56 Forging
35:47 Scale Mail Armor
35:52 Scale Barding Armor
36:13 Fletching
36:28 Padded Archer Armor
39:44 Hand Cart
39:16 Loom
39:17 Town Watch
45:22 Imperial Age
43:37 Iron Casting
43:18 Chain Mail Armor
45:27 Elite Tarkan
46:11 Marauders
46:39 Atheism
46:43 Conscription
51:33 Blast Furnace
50:54 Chain Barding Armor
50:30 Bodkin Arrow
50:51 Leather Archer Armor
55:33 Light Cavalry
56:24 Bloodlines
59:10 Cavalier
59:52 Husbandry
59:58 Husbandry
59:36 Hussar
67:30 Paladin
PONI_PAI
1:29 Loom
11:30 Feudal Age
13:56 Double-Bit Axe
14:15 Town Watch
17:23 Wheelbarrow
16:32 Horse Collar
20:01 Town Watch
25:16 Castle Age
24:15 Gold Mining
24:20 Stone Mining
27:43 Scale Barding Armor
27:43 Padded Archer Armor
27:35 Fletching
31:05 Hand Cart
30:50 Town Patrol
33:06 Leather Archer Armor
32:46 Bodkin Arrow
33:02 Forging
32:53 Scale Mail Armor
33:30 Bow Saw
33:30 Heavy Plow
34:32 Ballistics
33:55 Treadmill Crane
35:10 Squires
34:56 Arson
34:31 Pikeman
36:32 Caravan
37:04 Coinage
40:49 Imperial Age
39:14 Elite Skirmisher
39:15 Crossbowman
41:07 Elite Longbowman
42:09 Conscription
42:55 Chemistry
42:08 Masonry
41:49 Heated Shot
43:17 Two-Man Saw
43:48 Banking
44:05 Gold Shaft Mining
43:58 Halberdier
45:36 Ring Archer Armor
45:07 Bracer
45:52 Yeomen
54:12 Warwolf
57:40 Iron Casting
57:20 Chain Mail Armor
57:30 Fortified Wall
62:13 Gambesons
El ToRo LoCo
8:27 Loom
11:07 Feudal Age
11:57 Double-Bit Axe
13:00 Wheelbarrow
12:33 Horse Collar
14:40 Wheelbarrow
16:28 Gold Mining
22:21 Castle Age
21:59 Stone Mining
23:18 Bow Saw
24:18 Gold Shaft Mining
23:45 Heavy Plow
25:06 Hand Cart
25:29 Squires
33:25 Imperial Age
31:41 Ballistics
31:28 Pikeman
32:17 Scale Mail Armor
32:20 Padded Archer Armor
33:27 Caravan
35:11 Two-Man Saw
34:05 Fletching
36:02 Chemistry
35:13 Masonry
36:24 Conscription
38:01 Parthian Tactics
38:09 Atheism
39:03 Marauders
39:23 Husbandry
40:20 Heavy Cavalry Archer
41:54 Leather Archer Armor
41:35 Bodkin Arrow
41:50 Forging
41:41 Scale Mail Armor
41:46 Scale Barding Armor
42:00 Elite Tarkan
43:03 Cavalier
43:43 Arson
45:13 Bracer
45:52 Iron Casting
45:51 Halberdier
46:46 Thumb Ring
51:53 Paladin
52:41 Murder Holes
53:05 Chain Mail Armor
53:52 Blast Furnace
53:12 Chain Barding Armor
54:35 Capped Ram
61:27 Plate Barding Armor
77:40 Man-at-Arms
77:46 Elite Skirmisher
D a V ! P e R ^
11:11 Feudal Age
12:08 Double-Bit Axe
13:25 Horse Collar
15:18 Wheelbarrow
17:30 Gold Mining
22:20 Castle Age
22:57 Stone Mining
23:27 Bow Saw
23:19 Heavy Plow
24:35 Hand Cart
26:30 Town Watch
28:12 Caravan
30:47 Stone Shaft Mining
36:02 Imperial Age
34:38 Squires
35:39 Pikeman
36:24 Husbandry
36:35 Bloodlines
37:00 Ballistics
37:16 Crop Rotation
37:50 Two-Man Saw
38:22 Chemistry
36:58 Halberdier
39:59 Heavy Cavalry Archer
41:16 Anarchy
41:53 Elite Huskarl
43:56 Fletching
44:17 Forging
44:08 Scale Mail Armor
44:14 Scale Barding Armor
44:10 Padded Archer Armor
44:16 Town Patrol
44:28 Perfusion
45:49 Conscription
73:14 Iron Casting
72:54 Chain Mail Armor
73:00 Chain Barding Armor
72:36 Bodkin Arrow
72:56 Leather Archer Armor
73:08 Masonry
72:53 Heated Shot
73:07 Murder Holes
Kabouter Clutch
13:20 Feudal Age
14:44 Double-Bit Axe
17:26 Wheelbarrow
17:04 Stone Mining
17:37 Horse Collar
24:31 Gold Mining
28:29 Castle Age
29:35 Hand Cart
31:03 Stone Shaft Mining
30:42 Bow Saw
32:45 Fortified Wall
32:26 Guard Tower
32:51 Masonry
33:43 Heavy Plow
42:04 Imperial Age
42:04 Scale Mail Armor
42:06 Padded Archer Armor
41:59 Fletching
44:06 Crenellations
46:14 Two-Man Saw
45:56 Arrowslits
47:14 Chemistry
47:03 Elite Teutonic Knight
62:22 Chain Mail Armor
62:22 Forging
62:14 Bodkin Arrow
75:21 Redemption
75:31 Block Printing
tettezot
12:18 Feudal Age
17:09 Double-Bit Axe
20:33 Gold Mining
25:29 Castle Age
24:09 Wheelbarrow
24:16 Stone Mining
25:07 Forging
25:03 Scale Barding Armor
26:29 Husbandry
27:39 Gold Shaft Mining
27:27 Pikeman
28:31 Chain Barding Armor
30:02 Squires
31:20 Bow Saw
32:58 Hand Cart
37:43 Imperial Age
39:10 Iron Casting
39:10 Plate Barding Armor
38:03 Cavalier
41:37 Blast Furnace
40:17 Halberdier
40:53 Paladin
45:16 Caravan
46:43 Scale Mail Armor
47:49 Chivalry
56:57 Man-at-Arms
57:23 Gambesons
58:01 Chain Mail Armor
59:59 Long Swordsman
61:02 Two-Handed Swordsman
63:18 Champion
71:59 Onager
Connection lost

Rejoining the realm…

Still unreachable

The connection could not be restored.

Session expired

The server has moved on; the page needs a fresh start.